[Event "Titled Tuesday Blitz March 21 Early 2023"]
[White "Drygalov, Andrey"]
[Black "Shimanov, Aleksandr"]
[WhiteFideId "24171735"]
[BlackFideId "4198603"]
[WhiteElo "2471"]
[BlackElo "2631"]
[Result "1/2-1/2"]
[Round "04"]
[TimeControl "180+2"]
[Date "2023.03.21"]
[WhiteClock "0:00:11"]
[BlackClock "0:00:04"]

1. e4 e6 2. d4 d5 3. Nd2 c5 4. exd5 Qxd5 5. Ngf3 cxd4 6. Bc4 Qd6 7. O-O Nf6 8. Nb3 Nc6 9. Nbxd4 Nxd4 10. Nxd4 Be7 11. c3 O-O 12. Re1 Bd7 13. Bg5 Qc5 14. Bxf6 Bxf6 15. Nb3 Qc7 16. Bd3 Rad8 17. Qf3 a5 18. Nd2 Bc6 19. Ne4 Be5 20. Qh3 h6 21. Rad1 Rd7 22. Nc5 Rd5 23. Nxe6 fxe6 24. Qxe6+ Kh8 25. Qg6 Bxh2+ 26. Kh1 Rxd3 27. Rxd3 Be5 28. f3 Bf6 29. Rde3 Qf4 30. Qh5 a4 31. a3 Rd8 32. R3e2 Kh7 33. Qh2 Qf5 34. Qg3 Rd5 35. Re4 Qh5+ 36. Kg1 Rd2 37. R4e2 Bh4 38. Qh3 Qc5+ 39. Kh1 Bxe1 40. Rxe1 Qf2 41. Qf5+ Kg8 42. Qe6+ Kh8 43. Qc8+ Kh7 44. Qf5+ Kg8 45. Qc8+ Kh7 46. Qf5+ 1/2-1/2


[Site "https://www.chess.com"]

[Event "Titled Tuesday Blitz March 21 Early 2023"]
[White "Molina, Roberto Junio Brito"]
[Black "Pranav, V"]
[WhiteFideId "2109450"]
[BlackFideId "25060783"]
[WhiteElo "2376"]
[BlackElo "2500"]
[Result "0-1"]
[Round "04"]
[TimeControl "180+2"]
[Date "2023.03.21"]
[WhiteClock "0:01:21"]
[BlackClock "0:00:37"]

1. d4 Nf6 2. c4 e6 3. Nf3 b6 4. g3 Ba6 5. Qa4 Bb7 6. Bg2 c5 7. O-O cxd4 8. Nxd4 Bxg2 9. Kxg2 Be7 10. Nc3 O-O 11. Rd1 Qc8 12. Bg5 a6 13. Rac1 d6 14. f3 Qb7 15. e4 Rc8 16. Qb3 Nbd7 17. Nce2 Rab8 18. Qe3 h6 19. Bxf6 Bxf6 20. b3 Ne5 21. Rc2 Qe7 22. h4 Ng6 23. f4 Qb7 24. Qf3 Bxh4 25. e5 dxe5 26. Qxb7 Rxb7 27. gxh4 exd4 28. h5 Nh4+ 29. Kh3 Nf5 30. Rcd2 Rc5 31. Rh1 b5 32. cxb5 axb5 33. Kg4 Rd7 34. Kf3 f6 35. Nc1 Rc3+ 36. Kf2 Ng3 37. Re1 Nxh5 38. Rxe6 Rxc1 0-1


[Site "https://www.chess.com"]

[Event "Titled Tuesday Blitz March 21 Early 2023"]
[White "Deac, Bogdan-Daniel"]
[Black "Seo, Jung Min"]
[WhiteFideId "1226380"]
[BlackFideId "1734687"]
[WhiteElo "2649"]
[BlackElo "2468"]
[Result "0-1"]
[Round "04"]
[TimeControl "180+2"]
[Date "2023.03.21"]
[WhiteClock "0:00:01"]
[BlackClock "0:00:07"]

1. b3 d5 2. Bb2 Nf6 3. e3 Bf5 4. c4 c6 5. Nf3 e6 6. Nh4 Bg4 7. Be2 Bxe2 8. Qxe2 Nbd7 9. O-O Be7 10. f4 O-O 11. Nf3 Re8 12. d3 Nc5 13. Rd1 a5 14. Nbd2 Nfd7 15. e4 dxe4 16. dxe4 a4 17. Bd4 axb3 18. axb3 Rxa1 19. Rxa1 Bf8 20. e5 h6 21. Qe3 Qc7 22. h3 b6 23. Kh2 Qb7 24. Rb1 Ra8 25. b4 Na6 26. c5 Nc7 27. cxb6 Nd5 28. Qe4 N7xb6 29. f5 Ra4 30. fxe6 fxe6 31. Qg4 Qf7 32. Ne4 Qf5 33. Qxf5 exf5 34. Nd6 g6 35. b5 cxb5 36. Rxb5 Ra6 37. Nh4 Kh7 38. Rc5 Be7 39. Nf3 Nf4 40. Rc7 Nbd5 41. Rb7 Kg8 42. Bb2 Ra2 43. Nc4 Nd3 0-1


[Site "https://www.chess.com"]

[Event "Titled Tuesday Blitz March 21 Early 2023"]
[White "Kosteniuk, Alexandra"]
[Black "Alekseenko, Kirill"]
[WhiteFideId "4128125"]
[BlackFideId "4135539"]
[WhiteElo "2453"]
[BlackElo "2683"]
[Result "0-1"]
[Round "04"]
[TimeControl "180+2"]
[Date "2023.03.21"]
[WhiteClock "0:00:07"]
[BlackClock "0:00:28"]

1. e4 e5 2. Nf3 Nc6 3. Bb5 a6 4. Ba4 d6 5. c4 Bd7 6. d4 Nge7 7. Nc3 Ng6 8. d5 Nb8 9. h4 h5 10. Ng5 Be7 11. g3 Bxa4 12. Qxa4+ Nd7 13. b4 O-O 14. Qd1 Nf6 15. f3 a5 16. b5 Qd7 17. Be3 c6 18. Na4 Bd8 19. Rb1 cxd5 20. cxd5 Rc8 21. Qe2 Nh7 22. Nxh7 Kxh7 23. f4 exf4 24. gxf4 Re8 25. Qxh5+ Kg8 26. O-O Rxe4 27. Nb6 Bxb6 28. Bxb6 Rc3 29. f5 Rxh4 30. Qg5 Rhh3 31. Qd8+ Qxd8 32. Bxd8 Ne5 33. Rfc1 Rcg3+ 34. Kf1 Nd3 35. Rc8 Rh1+ 36. Ke2 Rh2+ 37. Kd1 Rg1# 0-1


[Site "https://www.chess.com"]

[Event "Titled Tuesday Blitz March 21 Early 2023"]
[White "Parkhov, Yair"]
[Black "Bok, Benjamin"]
[WhiteFideId "2813408"]
[BlackFideId "1017063"]
[WhiteElo "2421"]
[BlackElo "2658"]
[Result "1-0"]
[Round "04"]
[TimeControl "180+2"]
[Date "2023.03.21"]
[WhiteClock "0:00:04"]
[BlackClock "0:00:02"]

1. d4 Nf6 2. Nf3 d5 3. c4 e6 4. e3 Be7 5. b3 O-O 6. Bb2 c5 7. dxc5 dxc4 8. Qxd8 Rxd8 9. Bxc4 Nbd7 10. c6 bxc6 11. O-O Nb6 12. Be2 c5 13. Nc3 Bb7 14. Rfd1 Nfd5 15. Nxd5 Bxd5 16. Nd2 Kf8 17. e4 Bc6 18. f3 a5 19. Nc4 Nxc4 20. Bxc4 a4 21. Kf2 h5 22. Ke2 h4 23. Rxd8+ Rxd8 24. Rd1 Ra8 25. Bc3 axb3 26. axb3 Bg5 27. Ra1 Rd8 28. Ra5 Be7 29. Ra6 Be8 30. Ra7 g5 31. Ba5 Rb8 32. Bc7 Rb4 33. Ra8 Rb7 34. Ba5 Bd6 35. h3 Rb8 36. Rxb8 Bxb8 37. Bd2 Bf4 38. Bc3 Ke7 39. Bb2 f6 40. Bc3 Bc6 41. Ba5 Be5 42. Bb6 Kd6 43. Ba7 1-0


[Site "https://www.chess.com"]

[Event "Titled Tuesday Blitz March 21 Early 2023"]
[White "Makarian, Rudik"]
[Black "Aradhya, Garg"]
[WhiteFideId "44105681"]
[BlackFideId "25006746"]
[WhiteElo "2436"]
[BlackElo "2263"]
[Result "1-0"]
[Round "04"]
[TimeControl "180+2"]
[Date "2023.03.21"]
[WhiteClock "0:00:04"]
[BlackClock "0:00:07"]

1. d4 d5 2. c4 c6 3. Nf3 Nf6 4. Nc3 dxc4 5. g3 g6 6. e4 b5 7. e5 Nd5 8. a4 Bg7 9. axb5 Nxc3 10. bxc3 cxb5 11. h4 Bb7 12. h5 Qd5 13. Bg2 O-O 14. Kf1 Qd7 15. Kg1 Nc6 16. Bf4 b4 17. Ng5 bxc3 18. Nxh7 Rfd8 19. hxg6 fxg6 20. Rb1 Qf5 21. Rxb7 c2 22. Qf1 Nxd4 23. Bh3 Qd3 24. Ng5 Ne2+ 25. Kh2 Nd4 26. Qg2 Bh6 27. Rxe7 Bxg5 28. Bg4 Bxf4 29. Qb7 Bxg3+ 30. Kg2 Bxe5 31. Rxe5 g5 32. Rxg5+ Kf8 33. Rh8# 1-0


[Site "https://www.chess.com"]

[Event "Titled Tuesday Blitz March 21 Early 2023"]
[White "Indjic, Aleksandar"]
[Black "Taboas Rodriguez, Daniel"]
[WhiteFideId "911925"]
[BlackFideId "2208466"]
[WhiteElo "2614"]
[BlackElo "2365"]
[Result "1-0"]
[Round "04"]
[TimeControl "180+2"]
[Date "2023.03.21"]
[WhiteClock "0:02:56"]
[BlackClock "0:01:41"]

1. d4 Nf6 2. c4 g6 3. Nc3 Bg7 4. Nf3 O-O 5. h3 d5 6. cxd5 Nxd5 7. e4 Nxc3 8. bxc3 c5 9. Be2 cxd4 10. cxd4 Nc6 11. Be3 Qa5+ 12. Bd2 Qa3 13. d5 Ne5 14. O-O Nxf3+ 15. Bxf3 Bxa1 16. Qxa1 f6 17. Rb1 b6 18. Bb4 Qd3 19. Bxe7 Rf7 20. Bxf6 Bxh3 21. Rb3 Qc2 22. gxh3 Rc8 23. e5 Qc1+ 24. Qxc1 Rxc1+ 25. Kg2 1-0


[Site "https://www.chess.com"]

[Event "Titled Tuesday Blitz March 21 Early 2023"]
[White "Carlsen, Magnus"]
[Black "Tillyaev, Ulugbek"]
[WhiteFideId "1503014"]
[BlackFideId "14202441"]
[WhiteElo "2852"]
[BlackElo "2377"]
[Result "0-1"]
[Round "04"]
[TimeControl "180+2"]
[Date "2023.03.21"]
[WhiteClock "0:00:11"]
[BlackClock "0:00:09"]

1. b3 e5 2. Bb2 Nc6 3. e3 Nf6 4. Nf3 e4 5. Nd4 Nxd4 6. Bxd4 d5 7. c4 c6 8. Nc3 a6 9. cxd5 cxd5 10. f3 Be7 11. Be2 O-O 12. O-O exf3 13. Bxf3 Be6 14. Qe1 Rc8 15. Qg3 Kh8 16. Ne2 Bd6 17. Nf4 Rc2 18. Bd1 Rxd2 19. Bc3 Rd3 20. Bxf6 gxf6 21. Bc2 Rd2 22. Bxh7 Kxh7 23. Qh4+ Kg8 24. Qe1 Rc2 25. Qg3+ Kh7 26. Rf3 Re8 27. Qh4+ Kg8 28. Qh6 Bg4 29. Rg3 f5 30. h3 Bf8 31. Qh5 Bg7 32. hxg4 Bxa1 33. gxf5+ Kf8 34. Qh7 Qf6 35. Nxd5 Rc1+ 36. Kh2 Qh8 37. Qxh8+ Bxh8 38. Rg4 Be5+ 39. g3 Rd8 40. e4 Rc2+ 41. Kh3 Rxa2 42. Rg5 Rb2 43. f6 Rxd5 44. exd5 Bxf6 45. Rf5 Be7 46. Rf3 Rd2 47. Rc3 Rxd5 48. Rc8+ Kg7 49. Rc7 Bd6 50. Rxb7 Rd3 51. Kg4 Rxg3+ 52. Kf5 Rc3 53. Rb6 Bc5 54. Rc6 a5 55. Ke4 Bb4 56. Ra6 Rxb3 57. Kf5 Rc3 58. Ra7 Rc5+ 59. Ke4 Rh5 60. Kf4 Kg6 61. Ra6+ f6 62. Ra8 Rh4+ 63. Kg3 Rd4 64. Kf3 Kf5 65. Rb8 Rd3+ 66. Ke2 Rc3 67. Rh8 a4 68. Rh5+ Ke6 69. Ra5 Bxa5 0-1


[Site "https://www.chess.com"]

[Event "Titled Tuesday Blitz March 21 Early 2023"]
[White "Harsha Bharathakoti"]
[Black "Duda, Jan-Krzysztof"]
[WhiteFideId "5078776"]
[BlackFideId "1170546"]
[WhiteElo "2481"]
[BlackElo "2790"]
[Result "0-1"]
[Round "04"]
[TimeControl "180+2"]
[Date "2023.03.21"]
[WhiteClock "0:00:02"]
[BlackClock "0:00:05"]

1. c4 e6 2. Nf3 d5 3. d4 Be7 4. Nc3 Nf6 5. g3 O-O 6. Bg2 Nbd7 7. O-O b6 8. cxd5 Nxd5 9. Nxd5 exd5 10. Bf4 Bb7 11. Rc1 c5 12. dxc5 bxc5 13. Ne5 Nf6 14. Qa4 Qb6 15. Bg5 Rfd8 16. Bxf6 Qxf6 17. Nd7 Qd4 18. Qxd4 cxd4 19. Ne5 Bf6 20. Nd3 Rac8 21. Bh3 Rc4 22. Rfd1 Ba6 23. Bg2 g5 24. Bf3 Kg7 25. Kg2 Bb5 26. Rd2 a5 27. Rdd1 Kg6 28. g4 Kg7 29. h3 h6 30. Rd2 Kf8 31. Rdd1 Ke7 32. Rd2 Kd6 33. Rcd1 Rdc8 34. Ne1 Be5 35. Nd3 f6 36. Kf1 Rc2 37. Ke1 Bxd3 38. Rxd3 Rxb2 39. Ra3 Rc5 40. Ra4 Kc6 41. Kf1 Kb5 42. Ra3 Kb4 43. Rad3 a4 44. a3+ Kb5 45. Kg2 Rb3 46. R1d2 Rcc3 47. Bxd5 Rxa3 48. Rxc3 dxc3 49. Rc2 Rb3 50. Kf3 Kb4 51. Ke4 Rb2 52. Kd3 Rb1 53. e3 Rd1+ 54. Ke4 Rd2 55. Rc1 c2 56. f4 Bb2 0-1


[Site "https://www.chess.com"]

[Event "Titled Tuesday Blitz March 21 Early 2023"]
[White "Fedoseev, Vladimir"]
[Black "Aditya Mittal"]
[WhiteFideId "24130737"]
[BlackFideId "35042025"]
[WhiteElo "2752"]
[BlackElo "2396"]
[Result "0-1"]
[Round "04"]
[TimeControl "180+2"]
[Date "2023.03.21"]
[WhiteClock "0:00:02"]
[BlackClock "0:00:09"]

1. Nf3 Nf6 2. g3 c5 3. Bg2 Nc6 4. O-O e5 5. d3 d5 6. e4 dxe4 7. dxe4 Qxd1 8. Rxd1 Bg4 9. Re1 Nd4 10. Nxd4 cxd4 11. c3 Bc5 12. b4 Bb6 13. Bb2 Rc8 14. a4 a5 15. h3 axb4 16. cxb4 Rc2 17. a5 Ba7 18. Bc1 d3 19. Nd2 Be2 20. a6 b5 21. Bf1 Bxf1 22. Kxf1 Ke7 23. Rd1 Rhc8 24. Rb1 R8c6 25. Bb2 Ke6 26. Ba1 Rxa6 27. Rb3 Rxd2 28. Rxd2 Rxa1+ 29. Kg2 Nxe4 30. Rdxd3 Bd4 31. Ra3 Rxa3 32. Rxa3 Kd5 33. Ra8 Kc4 34. f3 Nf6 35. Rc8+ Kxb4 36. Rc7 Ka3 37. Rxf7 b4 38. Rxg7 b3 39. Rb7 b2 40. f4 Nd5 0-1


[Site "https://www.chess.com"]

[Event "Titled Tuesday Blitz March 21 Early 2023"]
[White "Daneshvar, Bardiya"]
[Black "Narayanan, Srinath"]
[WhiteFideId "12576468"]
[BlackFideId "5018420"]
[WhiteElo "2468"]
[BlackElo "2438"]
[Result "1-0"]
[Round "04"]
[TimeControl "180+2"]
[Date "2023.03.21"]
[WhiteClock "0:00:07"]
[BlackClock "0:00:01"]

1. b3 e5 2. Bb2 Nc6 3. e3 Nf6 4. Bb5 Bd6 5. Na3 Be7 6. Nc4 d6 7. Na5 Bd7 8. Nxc6 bxc6 9. Be2 O-O 10. d4 e4 11. c4 d5 12. c5 a5 13. Bc3 Be6 14. a4 Ra7 15. Qd2 Qa8 16. Bd1 Bg4 17. Ne2 Rb8 18. h3 Be6 19. O-O h6 20. Bc2 Ra6 21. Rfb1 Rb7 22. Bd1 Bf5 23. Rb2 Nh7 24. Rab1 Ng5 25. Nf4 Ne6 26. Nxe6 Bxe6 27. b4 axb4 28. Rxb4 Rxb4 29. Rxb4 Qc8 30. Qb2 Ra8 31. Rb7 g5 32. a5 Kg7 33. Be2 g4 34. hxg4 Bxg4 35. a6 Bd8 36. Bf1 h5 37. a7 Qd7 38. Qa3 Qc8 39. Qb3 Qd7 40. Qa4 Qc8 41. Qxc6 Be6 42. Qa6 h4 43. Ba5 h3 44. g3 Bg4 45. Kh2 Qf5 46. Be1 Qf3 47. Rb8 Qd1 48. Qa5 1-0


[Site "https://www.chess.com"]

[Event "Titled Tuesday Blitz March 21 Early 2023"]
[White "Terry, Renato"]
[Black "Gorodetzky, David"]
[WhiteFideId "3803457"]
[BlackFideId "2813416"]
[WhiteElo "2579"]
[BlackElo "2484"]
[Result "1-0"]
[Round "04"]
[TimeControl "180+2"]
[Date "2023.03.21"]
[WhiteClock "0:00:07"]
[BlackClock "0:00:02"]

1. Nf3 Nf6 2. b3 g6 3. Bb2 Bg7 4. g3 b6 5. Bg2 Bb7 6. O-O O-O 7. d4 c5 8. c4 cxd4 9. Qxd4 d6 10. Rd1 Nbd7 11. Nc3 Rc8 12. Qf4 Rc5 13. h3 Qa8 14. Qe3 Ne5 15. Na4 Nxf3+ 16. Bxf3 Bxf3 17. Nxc5 Bg2 18. Nd3 Bxh3 19. Nf4 Bf5 20. Qxe7 Re8 21. Qc7 g5 22. Bxf6 gxf4 23. Qxd6 f3 24. e3 Bc2 25. Rd4 Qc8 26. g4 Be4 27. Bxg7 Qxg4+ 28. Qg3 Qxg3+ 29. fxg3 Kxg7 30. Kf2 Re7 31. Rh1 Kg6 32. Rh4 f5 33. Rd6+ Kg7 34. Rf4 h5 35. Rh4 Bb1 36. a3 Bc2 37. b4 Rc7 38. Rdd4 Be4 39. Rxh5 b5 40. c5 a5 41. g4 axb4 42. gxf5 bxa3 43. Rxe4 Rxc5 44. Rh1 Rc2+ 45. Kxf3 Rb2 46. Re6 b4 47. Rg1+ Kf7 48. Rc1 a2 49. Rc7+ Kf8 50. Ra7 Rb1 51. Rxa2 1-0


[Site "https://www.chess.com"]

[Event "Titled Tuesday Blitz March 21 Early 2023"]
[White "Nguyen, Ngoc Truong Son"]
[Black "Sattarov, Bobir"]
[WhiteFideId "12401110"]
[BlackFideId "14203081"]
[WhiteElo "2571"]
[BlackElo "2351"]
[Result "1-0"]
[Round "04"]
[TimeControl "180+2"]
[Date "2023.03.21"]
[WhiteClock "0:00:04"]
[BlackClock "0:00:01"]

1. d4 Nf6 2. c4 e6 3. Nc3 Bb4 4. f3 d5 5. a3 Be7 6. e4 dxe4 7. fxe4 c5 8. d5 exd5 9. exd5 O-O 10. Nf3 a6 11. Be2 Bd6 12. O-O h6 13. Kh1 Bf5 14. Be3 Nbd7 15. Qd2 Qc7 16. Nh4 Bh7 17. Bxh6 gxh6 18. Qxh6 Rfe8 19. Nf5 Bf8 20. Qg5+ Bg6 21. Bd3 Nh7 22. Qh4 Ne5 23. Bc2 Qd8 24. Qh3 Nxc4 25. Ne4 Rxe4 26. Bxe4 Ng5 27. Qg4 Nxe4 28. Qxe4 Nd2 29. Qe5 Nxf1 30. Rxf1 Qe8 31. Qf6 Qe4 32. Ng3 Qd4 33. Qf3 Rd8 34. h3 Qxd5 35. Qf2 Bg7 36. b4 Bd4 37. Qe2 c4 38. Qg4 c3 39. Nf5 Qe5 40. Nh6+ Kh7 41. Nxf7 Qg7 42. Ng5+ Kh8 43. Ne6 Qh7 44. Nxd4 1-0


[Site "https://www.chess.com"]

[Event "Titled Tuesday Blitz March 21 Early 2023"]
[White "Albornoz Cabrera, Carlos Daniel"]
[Black "Lenderman, Aleksandr"]
[WhiteFideId "3518736"]
[BlackFideId "2021285"]
[WhiteElo "2501"]
[BlackElo "2607"]
[Result "0-1"]
[Round "04"]
[TimeControl "180+2"]
[Date "2023.03.21"]
[WhiteClock "0:00:05"]
[BlackClock "0:01:10"]

1. e4 e5 2. Nf3 Nf6 3. Nc3 Nc6 4. Bb5 Bc5 5. O-O d6 6. d3 h6 7. Be3 Bb6 8. Ne2 O-O 9. Ng3 Ne7 10. Nh4 Bg4 11. Qd2 c6 12. Ba4 d5 13. Bxh6 gxh6 14. Qxh6 Ng6 15. h3 Bd7 16. Nhf5 Bxf5 17. Nxf5 Ne8 18. exd5 Qf6 19. Ne3 Qf4 20. Qxf4 exf4 21. Ng4 f5 22. Nh2 cxd5 23. Nf3 Nf6 24. Rfe1 Kg7 25. Re6 Rf7 26. Rae1 Rc7 27. c3 Rf8 28. Ng5 Kh6 29. Nf3 Rff7 30. Kf1 Rce7 31. d4 Kg7 32. Rxe7 Rxe7 33. Rxe7+ Nxe7 34. Ne5 Ne4 35. Ke2 Bc7 36. Nd3 Ng5 37. h4 f3+ 38. gxf3 Ne6 39. Bb3 Nf4+ 40. Nxf4 Bxf4 41. c4 Bc1 42. cxd5 Nc8 43. f4 Nd6 44. Bc2 Bxb2 45. Ke3 Kh6 46. Kf3 Bxd4 47. a4 Kh5 48. Bd3 Kxh4 49. a5 b5 50. axb6 axb6 51. Be2 b5 52. Bd3 b4 53. Bc2 Kh3 54. Bb3 Kh2 55. Ke2 Kg1 56. Kd3 Bxf2 57. Ke2 Bc5 0-1


[Site "https://www.chess.com"]

[Event "Titled Tuesday Blitz March 21 Early 2023"]
[White "Ter-Sahakyan, Samvel"]
[Black "Zohid6"]
[WhiteFideId "13302531"]
[WhiteElo "2566"]
[BlackElo "2790"]
[Result "1-0"]
[Round "04"]
[TimeControl "180+2"]
[Date "2023.03.21"]
[WhiteClock "0:01:17"]
[BlackClock "0:01:44"]

1. d4 e6 2. e4 d5 3. e5 c5 4. c3 Nc6 5. Nf3 Qb6 6. a3 f6 7. Be2 fxe5 8. Nxe5 Nxe5 9. dxe5 g6 10. Nd2 Bg7 11. Nf3 Nh6 12. h4 Nf7 13. Bf4 Rf8 14. Qd2 h5 15. O-O Bd7 16. Bd3 Nh8 17. b4 c4 18. Bc2 O-O-O 19. Nd4 Be8 20. a4 Qc7 21. Nxe6 Qf7 22. Nxf8 Bxf8 23. e6 Qxe6 24. Rfe1 Qd7 25. Bg5 Bf7 26. Bxd8 Qxd8 27. Qd4 Kb8 1-0


[Site "https://www.chess.com"]

[Event "Titled Tuesday Blitz March 21 Early 2023"]
[White "Samunenkov, Ihor"]
[Black "Kramnik, Vladimir"]
[WhiteFideId "14187086"]
[BlackFideId "4101588"]
[WhiteElo "2457"]
[BlackElo "2712"]
[Result "0-1"]
[Round "04"]
[TimeControl "180+2"]
[Date "2023.03.21"]
[WhiteClock "0:00:02"]
[BlackClock "0:00:04"]

1. d4 Nf6 2. Nf3 e6 3. c4 Bb4+ 4. Bd2 Bxd2+ 5. Qxd2 O-O 6. Nc3 d5 7. e3 Qe7 8. Rd1 Rd8 9. Qc2 b6 10. cxd5 exd5 11. Be2 c5 12. O-O Bb7 13. Ne5 Nc6 14. f4 Rac8 15. Bf3 cxd4 16. exd4 Na5 17. Rfe1 Ne4 18. Qd3 f5 19. Rc1 Qb4 20. Re2 Nc4 21. Nxc4 Rxc4 22. Rd1 Ba6 23. Qe3 Rcc8 24. Rc2 Bb7 25. Rdc1 Qf8 26. Qd3 h6 27. Ne2 Kh7 28. Rxc8 Rxc8 29. Rxc8 Qxc8 30. Nc3 Qe6 31. Qe3 Qd6 32. a3 Bc6 33. g3 Qf6 34. Kg2 g5 35. Bxe4 fxe4 36. fxg5 hxg5 37. Qf2 Qe6 38. Nd1 Kg7 39. Ne3 Bd7 40. g4 Qd6 41. Nf5+ Bxf5 42. Qxf5 Qd8 43. Qe5+ Qf6 44. Qxf6+ Kxf6 45. Kf2 Ke6 46. Ke3 Kd6 47. Ke2 Kc6 48. Ke3 Kb5 49. Kf2 Kc4 50. h4 gxh4 51. g5 h3 52. g6 e3+ 53. Kxe3 h2 54. g7 h1=Q 55. g8=Q Qe1+ 56. Kf3 Qd1+ 57. Kg2 Qd2+ 58. Kg3 Qxd4 59. Qc8+ Kb3 60. Qd7 Qe3+ 61. Kg2 Qe4+ 62. Kg3 Kxb2 63. Qb5+ Kxa3 64. Qa6+ Kb3 65. Qb5+ Qb4 66. Qxd5+ Qc4 67. Qd1+ Kb4 68. Qb1+ Qb3+ 0-1


[Site "https://www.chess.com"]

[Event "Titled Tuesday Blitz March 21 Early 2023"]
[White "Kamsky, Gata"]
[Black "Idani, Pouya"]
[WhiteFideId "2000024"]
[BlackFideId "12510130"]
[WhiteElo "2666"]
[BlackElo "2574"]
[Result "1/2-1/2"]
[Round "04"]
[TimeControl "180+2"]
[Date "2023.03.21"]
[WhiteClock "0:00:21"]
[BlackClock "0:00:20"]

1. e4 c5 2. Nf3 d6 3. d4 cxd4 4. Nxd4 Nf6 5. Nc3 Nc6 6. Be2 e5 7. Nf3 Be7 8. h3 h6 9. O-O O-O 10. Re1 a6 11. a4 Nb4 12. Bc4 Be6 13. Bb3 Rc8 14. Qe2 Qc7 15. Rd1 Rfd8 16. Be3 Bc4 17. Bxc4 Qxc4 18. Qxc4 Rxc4 19. Nd2 Rc6 20. Rac1 d5 21. exd5 Nfxd5 22. Nxd5 Rxd5 23. c4 Rd3 24. Nf3 f6 25. Nh4 Kf7 26. Rxd3 Nxd3 27. Rc2 Ke6 28. g4 Bf8 29. b3 b5 30. axb5 axb5 31. Kg2 e4 32. Ra2 bxc4 33. bxc4 Rxc4 34. Ra6+ Kf7 35. Ra7+ Ke6 36. Ra6+ Kf7 37. Ra7+ Ke6 38. Ra6+ 1/2-1/2


[Site "https://www.chess.com"]

[Event "Titled Tuesday Blitz March 21 Early 2023"]
[White "Tanenbaum, Zachary"]
[Black "Moroni, Luca Jr"]
[WhiteFideId "2060850"]
[BlackFideId "865834"]
[WhiteElo "2175"]
[BlackElo "2569"]
[Result "1-0"]
[Round "04"]
[TimeControl "180+2"]
[Date "2023.03.21"]
[WhiteClock "0:00:06"]
[BlackClock "0:00:02"]

1. e4 g6 2. d4 Bg7 3. Nc3 a6 4. Bg5 h6 5. Bh4 d6 6. Nf3 Nc6 7. h3 b5 8. Qd2 Bb7 9. O-O-O Qd7 10. Bd3 e6 11. d5 Ne5 12. Nxe5 Bxe5 13. f4 Bg7 14. dxe6 Qxe6 15. Nd5 Bxd5 16. exd5 Qxd5 17. Qe2+ Kf8 18. c4 bxc4 19. Be4 Qe6 20. Rhe1 Rb8 21. Bc6 Qxe2 22. Rxe2 Bf6 23. Bf2 Ne7 24. Bf3 Kg7 25. Rde1 Nf5 26. g4 Nd4 27. Bxd4 Bxd4 28. Bd5 c3 29. bxc3 Bxc3 30. Re7 Rhf8 31. R1e2 Rb5 32. Bb3 Rc5 33. Kd1 Bf6 34. Rd7 a5 35. Re4 Rc3 36. Rc4 Rxc4 37. Bxc4 g5 38. f5 Bd4 39. Rxc7 Bc5 40. Kc2 Kf6 41. Kd3 Bb4 42. Kd4 Bc5+ 43. Kd3 Kg7 44. Kd2 h5 45. Kd3 hxg4 46. hxg4 Kf6 47. Rd7 Rh8 48. Rxf7+ Ke5 49. Re7+ Kf4 50. Re4+ Kf3 51. Bd5 Rc8 52. Re8+ Kxg4 53. Rxc8 Kxf5 54. Re8 g4 55. Be6+ Kf4 56. Rf8+ Ke5 57. Bxg4 d5 58. Rf5+ Kd6 59. Bf3 d4 60. Rd5+ 1-0


[Site "https://www.chess.com"]

[Event "Titled Tuesday Blitz March 21 Early 2023"]
[White "Vogel, Roven"]
[Black "Postny, Evgeny"]
[WhiteFideId "12908088"]
[BlackFideId "2804344"]
[WhiteElo "2518"]
[BlackElo "2509"]
[Result "0-1"]
[Round "04"]
[TimeControl "180+2"]
[Date "2023.03.21"]
[WhiteClock "0:00:41"]
[BlackClock "0:00:06"]

1. d4 d5 2. c4 c6 3. Nf3 Nf6 4. e3 Bf5 5. Nc3 e6 6. Nh4 Bg6 7. Qb3 Qb6 8. Nxg6 hxg6 9. Bd2 Nbd7 10. Be2 Qxb3 11. axb3 a6 12. f4 Bb4 13. Bd3 Nh5 14. Ke2 Bxc3 15. bxc3 f5 16. cxd5 exd5 17. g4 fxg4 18. Bxg6+ Ke7 19. Rag1 Ndf6 20. Be1 Rh6 21. Bf5 g6 22. Bxg4 Nxg4 23. Rxg4 Nf6 24. Rg2 Ne4 25. h4 a5 26. Kd3 a4 27. Ra2 b5 28. bxa4 bxa4 29. c4 Ke6 30. Ra3 Rh7 31. Rh2 Rb7 32. Rg2 Kf5 33. Rga2 Rb1 34. Ke2 dxc4 35. Rxa4 Rxa4 36. Rxa4 Rb2+ 37. Kd1 Rb1+ 38. Ke2 Rb2+ 39. Kf3 c3 40. Rc4 c2 41. Rxc6 Rb1 42. Rxc2 Rxe1 43. Ra2 Rf1+ 44. Kg2 Re1 45. Ra5+ Kg4 46. Re5 Rxe3 47. d5 Re2+ 48. Kf1 Kf3 49. Kg1 Rg2+ 50. Kf1 Rc2 51. Kg1 Rc1+ 52. Kh2 Nf2 0-1


[Site "https://www.chess.com"]

[Event "Titled Tuesday Blitz March 21 Early 2023"]
[White "Moussard, Jules"]
[Black "Fromm, Marius"]
[WhiteFideId "642908"]
[BlackFideId "12993190"]
[WhiteElo "2610"]
[BlackElo "2325"]
[Result "1-0"]
[Round "04"]
[TimeControl "180+2"]
[Date "2023.03.21"]
[WhiteClock "0:00:17"]
[BlackClock "0:00:19"]

1. Nf3 c5 2. e4 d6 3. d4 cxd4 4. Nxd4 Nf6 5. Nc3 a6 6. Bd3 e5 7. Nde2 Be7 8. Ng3 O-O 9. O-O Be6 10. Nd5 Bxd5 11. exd5 g6 12. c4 Nbd7 13. Bh6 Re8 14. Re1 a5 15. b3 Nc5 16. Bc2 Nfd7 17. Qd2 Bf8 18. Bxf8 Rxf8 19. a3 b6 20. b4 Na6 21. Ba4 f5 22. f4 exf4 23. Ne2 f3 24. Nd4 Ne5 25. Ne6 Qh4 26. Nxf8 Rxf8 27. Bb5 Nc7 28. Rf1 fxg2 29. Qxg2 Nxb5 30. cxb5 axb4 31. axb4 Qxb4 32. Ra7 Qxb5 33. h3 Rf7 34. Ra8+ Rf8 35. Ra7 Rf7 36. Ra2 Qc5+ 37. Kh1 b5 38. Rc2 Qd4 39. Rd2 Qh4 40. Rb1 f4 41. Rd4 Qh5 42. Rf1 f3 43. Qg3 Qh6 44. Rb4 Qd2 45. Rxb5 Qd3 46. Rb8+ Kg7 47. Rbb1 Qxd5 48. Rbd1 f2+ 49. Rxd5 1-0


[Site "https://www.chess.com"]

[Event "Titled Tuesday Blitz March 21 Early 2023"]
[White "Zhigalko, Sergei"]
[Black "Petukhov, Dmitry"]
[WhiteFideId "13502956"]
[BlackFideId "4142748"]
[WhiteElo "2626"]
[BlackElo "2311"]
[Result "1-0"]
[Round "04"]
[TimeControl "180+2"]
[Date "2023.03.21"]
[WhiteClock "0:01:48"]
[BlackClock "0:00:31"]

1. e4 c5 2. Nf3 d6 3. d4 cxd4 4. Qxd4 Nc6 5. Bb5 Bd7 6. Bxc6 Bxc6 7. Nc3 Nf6 8. Bg5 e6 9. O-O-O Be7 10. Rhe1 O-O 11. Kb1 Qc7 12. Qd2 Rfd8 13. Nd4 a6 14. f3 b5 15. g4 b4 16. Nce2 Be8 17. Ng3 a5 18. Rg1 a4 19. Nh5 b3 20. Bxf6 Bxf6 21. Nxf6+ gxf6 22. cxb3 axb3 23. a3 Rac8 24. Qh6 Qe7 25. Nf5 Qf8 26. Qxf6 h6 27. g5 Kh7 28. gxh6 1-0


[Site "https://www.chess.com"]

[Event "Titled Tuesday Blitz March 21 Early 2023"]
[White "Kaufman, Raymond"]
[Black "Ahmadzada, Ahmad"]
[WhiteFideId "2015056"]
[BlackFideId "13413007"]
[WhiteElo "2321"]
[BlackElo "2388"]
[Result "1-0"]
[Round "04"]
[TimeControl "180+2"]
[Date "2023.03.21"]
[WhiteClock "0:00:06"]
[BlackClock "0:00:01"]

1. c4 c5 2. Nf3 Nc6 3. Nc3 g6 4. e3 Bg7 5. d4 d6 6. d5 Na5 7. Be2 Nf6 8. O-O O-O 9. Bd2 e6 10. e4 exd5 11. exd5 Bg4 12. h3 Bxf3 13. Bxf3 Nxc4 14. Bf4 Nd7 15. Qb3 Nce5 16. Be2 Rb8 17. Nb5 Qf6 18. Qg3 a6 19. Bg5 Qf5 20. Nxd6 Qc2 21. Rfe1 f6 22. Bf4 Qxb2 23. Nc4 Qb4 24. Rab1 Qa4 25. Bxe5 Nxe5 26. Nb6 Qe8 27. f4 Nf7 28. Bc4 Qd8 29. d6 f5 30. d7 Bd4+ 31. Kh1 Kg7 32. Bxf7 Rxf7 33. Re8 Qc7 34. Rc8 Qd6 35. d8=Q Qxd8 36. Rxd8 Rxd8 37. Nc4 b5 38. Ne5 Rc7 39. Qg5 Re8 40. Re1 c4 41. Rd1 Bxe5 42. fxe5 Rxe5 43. Qd8 Rce7 44. Qd4 Kf7 45. Kh2 R5e6 46. Qd5 Kg7 47. Qd4+ Kh6 48. Qh8 Re3 49. Qf8+ Kh5 50. Rd4 R7e4 51. Rd7 h6 52. Qf6 Re2 53. Rg7 1-0


[Site "https://www.chess.com"]